 Dungeon Crawl Stone Soup version 0.22.1-1-ga44c0e56f4 (webtiles) character file.

1628 Freyura the Scratcher (level 8, 0/39 HPs)
             Began as a Felid Fighter on Sept 27, 2018.
             Was a Believer of Dithmenos.
             Slain by an orc
             ... wielding a +0 short sword
              (3 damage)
             ... on level 8 of the Dungeon.
             The game lasted 00:35:59 (7106 turns).

Freyura the Scratcher (Felid Fighter)               Turns: 7106, Time: 00:36:00

Health: 0/39       AC:  2    Str: 12    XL:     8   Next: 65%
Magic:  11/11      EV: 24    Int: 10    God:    Dithmenos [**....]
Gold:   256        SH:  0    Dex: 21    Spells: 7/7 levels left
                                        Lives:  0   Deaths: 2

rFire    . . .     SeeInvis +     - Unarmed
rCold    . . .     Gourm    .   (shield unavailable)
rNeg     + . .     Faith    .   (armour unavailable)
rPois    .         Spirit   .   (helmet unavailable)
rElec    .         Reflect  .   (cloak unavailable)
rCorr    .         Harm     .   (gloves unavailable)
MR       +....                  (boots unavailable)
Stlth    +++++.....             (no amulet)
HPRegen  0.13/turn              x - ring of positive energy
MPRegen  0.12/turn              e - +4 ring of dexterity

@: wreathed by umbra, quick
A: very small, no armour, no weapons or thrown items, stealth, claws 1, fangs 3,
see invisible, carnivore, speed 1, shaggy fur 2, slow metabolism 1, sharp paws
a: Shadow Step, Renounce Religion


You were on level 8 of the Dungeon.
You worshipped Dithmenos.
Dithmenos was pleased with you.
You were completely stuffed.

You visited 2 branches of the dungeon, and saw 9 of its levels.

You collected 256 gold pieces.

Inventory:

Jewellery
 e - a +4 ring of dexterity (right paw)
 h - an uncursed ring of fire
 r - an uncursed ring of magical power
 x - a ring of positive energy (left paw)
Wands
 g - a wand of scattershot (8)
 k - a wand of polymorph (6)
 p - a wand of acid (12)
 v - a wand of paralysis (26)
 w - a wand of digging (6)
Scrolls
 d - 2 scrolls of magic mapping
 f - a scroll of blinking
 j - 5 scrolls of fear
 m - 2 scrolls of identify
 o - 2 scrolls of teleportation
Potions
 a - a potion of haste {unknown}
 c - 5 potions of curing
 i - 3 potions of flight
 l - 2 potions of agility
 n - 2 potions of lignification
 q - a potion of berserk rage {unknown}
 s - a potion of mutation {unknown}
 t - a potion of resistance {unknown}
 u - 2 potions of cancellation
Comestibles
 b - 13 rations
 z - 4 chunks of flesh


   Skills:
 * Level 6.9 Fighting
 + Level 7.4 Dodging
 + Level 6.8 Stealth
 * Level 7.8 Unarmed Combat
 + Level 3.4 Invocations
 + Level 3.7 Evocations


You had 7 spell levels left.
You didn't know any spells.
Your spell library contained the following spells:

 Spells                   Type           Power        Failure   Level  Hunger
 Flame Tongue             Conj/Fire      #....        36%         1    ##.....
 Throw Flame              Conj/Fire      #.....       50%         2    ###....
 Conjure Flame            Conj/Fire      #.......     75%         3    ####...
 Inner Flame              Hex/Fire       #.......     75%         3    ####...
 Sticky Flame             Conj/Fire      #.......     98%         4    #####..
 Fireball                 Conj/Fire      #.........   100%        5    ######.


Dungeon Overview and Level Annotations

Branches:
Dungeon (8/15)             Temple (1/1) D:4
   Lair: D:8-11

Altars:
Cheibriados
Dithmenos
Fedhas
Kikubaaqudgha
Nemelex Xobeh
Ru
Uskayaw
Wu Jian
Yredelemnul


Innate Abilities, Weirdness & Mutations

You cannot wear armour.
You are incapable of wielding weapons or throwing items.
Your paws allow you to move quietly. (Stealth)
You have sharp claws.
You have razor-sharp teeth.
You have supernaturally acute eyesight. (SInv)
You are carnivorous and can eat meat at any time.
You cover ground quickly.
You are covered in thick fur. (AC +2)
You have a slow metabolism.
Your sharp claws are effective at attacking unaware monsters.


Message History

You bite the orc warrior, but do no damage.
The orc warrior is heavily wounded.
The orc misses you. The orc warrior misses you.
You claw the orc warrior!
You kill the orc warrior!
Dithmenos accepts your kill. The orc completely misses you.
You scratch the orc but do no damage. The orc hits you with a short sword.
* * * LOW HITPOINT WARNING * * *
You closely miss the orc. You claw the orc.
The orc is heavily wounded.
The orc completely misses you. The orc misses you.
You barely miss the orc.
The orc is moderately wounded.
The orc completely misses you. The orc misses you.
You claw the orc!
You kill the orc!
Dithmenos accepts your kill. The orc hits you with a short sword.
You die...

#.#...(#.#...(..#
#.##.)(#.#...#.##
#..##.)#.#..##
##[ ##.#.#%### #
###.....##
##.....##
##..8.8..#
##.....=...#
#@..........#
#o).._._..8.#
......#%.....
.#...._._..8.
#.#........l.. #
##.........
##..8.8.. #.....


You could see an orc.

Vanquished Creatures
  Eustachio (D:4)
  3 orc warriors
  3 sky beasts
  An ice beast (D:5)
  A centaur (D:7)
  A big kobold (D:8)
  A bullfrog (D:6)
  2 scorpions
  4 killer bees
  A howler monkey (D:4)
  4 crimson imps
  4 orc priests
  A jelly (D:5)
  4 hounds
  12 orc wizards
  Crazy Yiuf (D:4)
  A bullfrog skeleton (D:7)
  Ijyb (D:3)
  2 iguanas
  3 worker ants
  2 hound skeletons
  3 gnolls
  7 adders
  3 shadow imps
  An ooze (D:7)
  A worm (D:5)
  A dart slug (D:1)
  3 leopard geckos
  24 orcs
  A ball python (D:3)
  6 bats
  3 giant cockroaches
  2 goblins (D:1)
  4 hobgoblins
  10 kobolds
  4 quokkas
  2 frilled lizards (D:1)
  A quokka zombie (D:8)
  6 rats
135 creatures vanquished.

Notes
Turn   | Place    | Note
-------+----------+-------------------------------------------
     0 | D:1      | Freyura the Felid Fighter began the quest for the Orb.
     0 | D:1      | Reached XP level 1. HP: 10/10 MP: 2/2
   244 | D:1      | Reached skill level 1 in Stealth
   269 | D:1      | Reached XP level 2. HP: 14/14 MP: 3/3
   723 | D:1      | Reached XP level 3. HP: 16/17 MP: 4/4
  1673 | D:3      | Reached XP level 4. HP: 8/21 MP: 5/5
  1972 | D:3      | Noticed Ijyb
  1986 | D:3      | Killed Ijyb
  1986 | D:3      | Reached skill level 5 in Dodging
  1986 | D:3      | Reached XP level 5. HP: 20/25 MP: 6/6
  2481 | D:3      | Reached skill level 5 in Unarmed Combat
  2786 | D:4      | Noticed Eustachio
  2802 | D:4      | Killed Eustachio
  2802 | D:4      | Gained mutation: You are covered in thick fur. (AC +2)
                  | [Felid growth]
  2802 | D:4      | Reached XP level 6. HP: 9/28 MP: 7/7
  3115 | D:4      | Found a runed door.
  3122 | D:4      | Noticed Crazy Yiuf
  3131 | D:4      | Killed Crazy Yiuf
  3372 | D:4      | Found a staircase to the Ecumenical Temple.
  3381 | Temple   | Entered the Ecumenical Temple
  3437 | Temple   | Became a worshipper of Dithmenos the Shadowed
  3658 | D:5      | Entered Level 5 of the Dungeon
  3848 | D:5      | Noticed an ice beast
  3862 | D:5      | Killed an ice beast
  3862 | D:5      | Reached skill level 1 in Invocations
  3862 | D:5      | Reached skill level 1 in Evocations
  3862 | D:5      | Reached XP level 7. HP: 14/33 MP: 8/8
  4637 | D:5      | Reached skill level 5 in Fighting
  4809 | D:6      | Reached skill level 5 in Stealth
  4868 | D:6      | Reached XP level 8. HP: 35/37 MP: 10/10
  4888 | D:6      | HP: 1/37 [worker ant (6)]
  4944 | D:6      | Slain by an orc wizard
  4945 | D:6      | Reached XP level 7. HP: 0/33 MP: 9/9
  4984 | D:6      | Slain by an orc warrior
  4985 | D:6      | Reached XP level 6. HP: -1/30 MP: 8/8
  5070 | D:6      | Noticed a sky beast
  5080 | D:6      | Killed a sky beast
  5217 | D:6      | Reached * piety under Dithmenos
  5322 | D:6      | Reached XP level 7. HP: 34/34 MP: 8/10
  6077 | D:7      | Reached XP level 8. HP: 24/39 MP: 11/11
  6170 | D:7      | Reached ** piety under Dithmenos
  6691 | D:7      | Found a sacrificial altar of Ru.
  7083 | D:8      | Found an ancient bone altar of Kikubaaqudgha.
  7083 | D:8      | Found a snail-covered altar of Cheibriados.
  7085 | D:8      | Found a snail-covered altar of Cheibriados.
  7085 | D:8      | Found a hide-covered altar of Uskayaw.
  7106 | D:8      | Slain by an orc

Skill      XL: |  1  2  3  4  5  6  7  8 |
---------------+-------------------------+-----
Stealth        | 1 2 3 4 6 |  6.8
Dodging        | 5 7 |  7.4
Unarmed Combat | 5 7 6 |  7.8
Fighting       | 4 6 |  6.9
Invocations    | 1 3 |  3.4
Evocations     | 1 3 |  3.7

Action                   |  1- 3 |  4- 6 |  7- 9 || total
-------------------------+-------+-------+-------++-------
Melee: Unarmed           |    83 |   125 |   285 ||   493
       Bite              |     8 |    11 |    39 ||    58
       Punch             |     1 |     6 |    10 ||    17
  Use: Scroll            |    10 |     2 |     4 ||    16
       Potion            |       |     1 |       ||     1
 Stab: Sleeping          |     9 |     9 |     9 ||    27
       Distracted        |       |       |     1 ||     1
  Eat: Chunk             |     7 |     5 |    13 ||    25
Armor: Skin              |     3 |     6 |     8 ||    17
Dodge: Dodged            |    48 |    88 |   255 ||   391
